 Dungeon Crawl Stone Soup version 0.31-a0-240-gb923e448b6 (webtiles) character file.

Game seed: 13584107607224481923

5 qw the Vexing (level 1, -2/12 HPs)
             Began as a Gargoyle Hexslinger on July 12, 2023.
             Frozen to death by an endoplasm (5 damage)
             ... on level 1 of the Dungeon.
             The game lasted 00:00:04 (120 turns).

qw the Vexing (Gargoyle Hexslinger)                  Turns: 120, Time: 00:00:04

Health: -2/12      AC:  4    Str: 11    XL:     1   Next: 80%
Magic:  2/2        EV: 12    Int: 13    God:
Gold:   0          SH:  0    Dex: 12    Spells: 1/2 levels left

rFire   . . .        a - +1 sling
rCold   . . .        (no shield)
rNeg    + . .        c - +0 robe
rPois   inf          (no helmet)
rElec   +            (no cloak)
rCorr   .            (no gloves)
SInv    .            (no boots)
Will    .....        (no amulet)
Stlth   +            (no ring)
HPRegen 0.22/turn    (no ring)
MPRegen 0.08/turn

%: no passive effects
@: no status effects
A: sickness immunity, AC +2, negative energy resistance 1, electricity
resistance, torment resistance 1, petrification resistance
a: no special abilities


You were on level 1 of the Dungeon.
You visited 1 branch of the dungeon, and saw 1 of its levels.


Innate Abilities, Weirdness & Mutations

You are immune to sickness and miasma.
Your stone body is resilient. (AC +2)
You are immune to poison.
You resist negative energy. (rN+)
You are resistant to electric shocks. (rElec)
You are resistant to unholy torment.
You are immune to petrification.


   Skills:
 - Level 1.1 Fighting
 + Level 2.5 Ranged Weapons
 - Level 1.5 Dodging
 - Level 1.0 Spellcasting
 - Level 2.6 Hexes


You had one spell level left.
You knew the following spells:

 Your Spells              Type           Power      Damage    Failure   Level
a - Slow                  Hex            28%        N/A       10%         1

Your spell library contained the following spells:

 Spells                   Type           Power      Damage    Failure   Level
 Inner Flame              Hex/Fire       4%         N/A       43%         3
 Portal Projectile        Hex/Tloc       8%         N/A       43%         3
 Cause Fear               Hex            3%         N/A       67%         4

Inventory:

Hand Weapons
 a - a +1 sling (weapon)
Armour
 c - a +0 robe (worn)
Scrolls
 b - a scroll of poison
 d - a scroll of enchant weapon {unknown}

Dungeon Overview and Level Annotations

Branches:
Dungeon (1/15)

Altars:


Message History

a +0 dagger; a goblin corpse
d - a scroll labelled TUT KETOSU A goblin, an endoplasm and a hobgoblin come into view.
Found a scroll labelled TUT KETOSU and a chain mail.
The hobgoblin shouts!
The goblin shouts!
A hobgoblin comes into view.
You shoot a sling bullet. The endoplasm quivers.
The sling bullet hits the hobgoblin but does no damage.
You shoot a sling bullet. The sling bullet hits the hobgoblin.
The hobgoblin is lightly wounded.
You shoot a sling bullet.
The sling bullet barely misses the hobgoblin.
The sling bullet hits the hobgoblin.
The hobgoblin is severely wounded.
You shoot a sling bullet.
The sling bullet barely misses the hobgoblin.
The sling bullet hits the hobgoblin but does no damage.
The hobgoblin is heavily wounded.
The hobgoblin misses you. The goblin hits you with a +0 club.
The hobgoblin hits you but does no damage.
The goblin closely misses you.
You shoot a sling bullet.
The sling bullet hits the hobgoblin but does no damage.
The hobgoblin is lightly wounded.
The hobgoblin closely misses you. The endoplasm barely misses you.
The goblin closely misses you.
You shoot a sling bullet. The sling bullet hits the hobgoblin.
The hobgoblin is almost dead.
The hobgoblin hits you.
The endoplasm hits you but does no damage.
The goblin barely misses you.
You shoot a sling bullet. The sling bullet hits the hobgoblin.
You kill the hobgoblin!
The goblin hits you with a +0 club. The endoplasm freezes you.
You are frozen.
The hobgoblin hits you. The endoplasm freezes you.
You are frozen.
You die...

####+#######.##
#...........#
####.###########
#.....# #.....#
#######.....#
##.....####.##
......J####.#
#....g@....#
......g######
.##.#.. ?.#... .
#!#.. #.#.. [
... # #..


You could see an endoplasm, a hobgoblin and a goblin.

Vanquished Creatures
  2 goblins (D:1)
  2 hobgoblins (D:1)
  A kobold (D:1)
5 creatures vanquished.

Notes
Turn   | Place    | Note
-------+----------+-------------------------------------------
     0 | D:1      | qw the Gargoyle Hexslinger began the quest for the Orb.
     0 | D:1      | Reached XP level 1. HP: 12/12 MP: 2/2
     0 | D:1      | 0 ||| qw: Version: 0.3-a-52-g30416fa
     0 | D:1      | 0 ||| qw: Game counter: 6146
     0 | D:1      | 0 ||| qw: Melee chars always use a shield: true
     0 | D:1      | 0 ||| qw: God list: Okawaru
     0 | D:1      | 0 ||| qw: Allow faded altars: false
     0 | D:1      | 0 ||| qw: Do Orc after clearing Dungeon:15 true
     0 | D:1      | 0 ||| qw: Do second Lair branch before Depths: true
     0 | D:1      | 0 ||| qw: Lair rune preference: random
     0 | D:1      | 0 ||| qw: Goals: Normal
     0 | D:1      | 0 ||| PLANNING D:1-11
    39 | D:1      | HP: 3/12 [goblin/+0 dagger (1)]
   120 | D:1      | HP: 3/12 [hobgoblin (1)]
   120 | D:1      | Frozen to death by an endoplasm

Levels and vault maps discovered:
D:1:      psy_arrival_terrarium, layout_basic, minmay_strange_pillars,
          minivault_24, minmay_small_reverse_x

Action                     || total
---------------------------++-------
   Fire: Sling             ||    25
 Armour: Robe              ||    10
  Dodge: Dodged            ||    11

Table legend:
 A = Non-vault XP
 B = Vault XP
 C = Vault XP percentage of total XP
 D = Non-vault monster count
 E = Vault monster count
 F = Vault count percentage of total count
                 A         B        C        D         E       F
            +---------+---------+-------+---------+---------+-------
      Total |       8 |       2 |  20.0 |       4 |       1 |  20.0
            +---------+---------+-------+---------+---------+-------
        D:1 |       8 |       2 |  20.0 |       4 |       1 |  20.0
            +---------+---------+-------+---------+---------+-------
